 Dungeon Crawl Stone Soup version 0.28-a0-998-gb9e9c7b67e (webtiles) character file.

Game seed: 6917713404013167128

20 ytrimaz the Scratcher (level 2, -1/12 HPs)
             Began as a Felid Transmuter on Dec 5, 2021.
             Slain by a jackal (2 damage)
             ... on level 2 of the Dungeon.
             The game lasted 00:01:35 (1158 turns).

ytrimaz the Scratcher (Felid Transmuter)            Turns: 1158, Time: 00:01:36

Health: -1/12      AC:  1    Str:  6    XL:     2   Next: 58%
Magic:  6/6        EV: 17    Int: 14    God:
Gold:   14         SH:  0    Dex: 16    Spells: 4/5 levels left
                                        Lives:  0   Deaths: 0

rFire   . . .      SeeInvis +     - Unarmed
rCold   . . .      Faith    .   (shield unavailable)
rNeg    . . .      Spirit   .   (armour unavailable)
rPois   .          Reflect  .   (helmet unavailable)
rElec   .          Harm     .   (cloak unavailable)
rCorr   .          Rampage  .   (gloves unavailable)
Will    +....                   (boots unavailable)
Stlth   +.........              (no amulet)
HPRegen 0.04/turn               a - ring of willpower
MPRegen 0.10/turn               (no ring)

@: quick
A: very small, claws 1, fangs 3, see invisible, speed 1, shaggy fur 1, stealthy
paws, no weapons or thrown items, no armour, multi-lived
a: no special abilities


You were on level 2 of the Dungeon.
You visited 1 branch of the dungeon, and saw 2 of its levels.

You collected 14 gold pieces.

Inventory:

Jewellery
 a - a ring of willpower (left paw)


   Skills:
 * Level 1.4 Fighting
 + Level 2.9 Dodging
 + Level 3.4 Unarmed Combat
 + Level 2.1 Spellcasting
 + Level 2.3 Transmutations


You had 4 spell levels left.
You knew the following spells:

 Your Spells              Type           Power      Damage    Failure   Level
a - Beastly Appendage     Tmut           16%        N/A       9%          1

Your spell library contained the following spells:

 Spells                   Type           Power      Damage    Failure   Level
 Wereblood                Tmut           8%         N/A       14%         2
 Passwall                 Tmut/Erth      3%         N/A       22%         2
 Spider Form              Tmut/Pois      4%         N/A       41%         3
 Swiftness                Air            1%         N/A       56%         3
 Ice Form                 Ice/Tmut       4%         N/A       82%         4


Dungeon Overview and Level Annotations

Branches:
Dungeon (2/15)

Altars:


Innate Abilities, Weirdness & Mutations

You have sharp claws.
You have razor-sharp teeth.
You have supernaturally acute eyesight. (SInv)
You cover ground quickly. (Speed+)
You are covered in fur. (AC +1)
Your paws help you pounce on unaware monsters.
You are incapable of wielding weapons or throwing items.
You cannot wear armour.
You gain extra lives every three experience levels.


Message History

You start resting.
Your horns disappear.
You start resting.
A jackal is nearby!
a - a ring of willpower (left paw)
The jackal barks!
The jackal barks!
There is a stone staircase leading down here.
The jackal bites you.
You climb downwards.
Found a pair of boots, a blackened ivory wand and 8 gold pieces.
Found a stone staircase leading up.
There is a stone staircase leading up here.
Unknown command.
Found a scroll labelled YRCHOH NOWEMIAM.
The jackal misses you. The jackal completely misses you.
The bat barely misses you. The bat closely misses you.
The bat completely misses you.
An adder comes into view.
The bat barely misses you.
You see here a scroll labelled YRCHOH NOWEMIAM.
Found 11 gold pieces.
The bat misses you. The bat closely misses you. The bat barely misses you.
The bat hits you but does no damage. The bat barely misses you.
The bat hits you but does no damage. The bat misses you.
The bat completely misses you. The bat hits you.
Found a tiny fluorescent amulet.
The bat hits you.
* * * LOW HITPOINT WARNING * * *
The bat hits you.
* * * LOW HITPOINT WARNING * * *
There is a stone staircase leading up here.
The bat hits you.
* * * LOW HITPOINT WARNING * * *
The jackal bites you.
You die...

#### .###..... #....
..#... .
#....#######.#.###.#
..##...##......?.......
........<...[..##.###...
....#....#.######.###...
....#...................
...................##...
####.@.b.........# .
#..h...######.#
..$../....... .#
####.......... .#
#..........# .#
#...........
###..#..###. .".....


You could see a jackal and a bat.

Vanquished Creatures
  2 ball pythons (D:1)
  2 endoplasms (D:1)
  2 giant cockroaches (D:1)
  5 goblins (D:1)
  2 hobgoblins (D:1)
  A bat (D:1)
  A kobold (D:1)
  A rat (D:1)
16 creatures vanquished.

Notes
Turn   | Place    | Note
-------+----------+-------------------------------------------
     0 | D:1      | ytrimaz the Felid Transmuter began the quest for the Orb.
     0 | D:1      | Reached XP level 1. HP: 9/9 MP: 4/4
   415 | D:1      | Reached XP level 2. HP: 4/12 MP: 6/6
  1158 | D:2      | Slain by a jackal

Illustrated notes

Levels and vault maps discovered:
D:1:      psy_arrival_radial01, layout_basic, shapermc_ecumenical_altar_gd,
          minmay_indecisive_spiral
D:2:      layout_rooms, kennysheep_generic_room_12, uniq_sigmund

Action                   || total
-------------------------++-------
Melee: Unarmed           ||    49
       Bite              ||     6
       Headbutt          ||     2
 Cast: Beastly Appendage ||     8
  Use: Scroll            ||     1
Armor: Skin              ||     4
Dodge: Dodged            ||    63

Table legend: (Time is in decaauts)
 A = Elapsed time spent in this place.
 B = Non-inter-level travel time spent in this place.
 C = Inter-level travel time spent in this place.
 D = Time resting spent in this place.
 E = Time spent auto-exploring this place.
 F = Levels seen in this place.
 G = Mean time per level.
                   A        B        C        D        E       F      G
               +--------+--------+--------+--------+--------+-----+--------+
         Total |   1070 |   1070 |      0 |    269 |    591 |   2 |  535.0 |
       Dungeon |   1070 |   1070 |      0 |    269 |    591 |   2 |  535.0 |
               +--------+--------+--------+--------+--------+-----+--------+

Top non-repeatable levels by time:
     D:1: 1053 daAuts
     D:2: 16 daAuts
